 Dungeon Sprint DCSS version 0.30.1-4-g462c640d31 (webtiles) character file.

Game seed: 8499266775217703393

1793 Heoruswealwe the Severer (level 9, -3/91 HPs)
             Began as a Hill Orc Fighter on Aug 23, 2023.
             Was a Believer of the Shining One.
             Slain by a centaur warrior (7 damage)
             ... in the Dungeon (Sprint I: "Red Sonja").
             The game lasted 00:04:56 (453 turns).

Heoruswealwe the Severer (Hill Orc Fighter)          Turns: 453, Time: 00:04:57

Health: -3/91      AC:  9    Str: 23    XL:     9   Next: 9%
Magic:  9/9        EV:  9    Int:  8    God:    the Shining One [**....]
Gold:   350        SH:  4    Dex: 10    Spells: 8/8 levels left

rFire   . . .        a - +0 war axe
rCold   . . .        c - +0 buckler
rNeg    + . .        b - +0 scale mail
rPois   .            (no helmet)
rElec   .            (no cloak)
rCorr   .            (no gloves)
SInv    .            (no boots)
Will    .....        (no amulet) Stlth
                     (no ring)
HPRegen 0.35/turn    (no ring)
MPRegen 0.11/turn

%: no teleportation
@: mighty, glowing
A: no striking features
a: Renounce Religion, Divine Shield


You were in the Dungeon.
You worshipped the Shining One.
The Shining One was pleased with you.
You visited 1 branch You collected 475 gold pieces.
You spent 125 gold pieces at shops.

Inventory:

Hand Weapons
 a - a +0 war axe (weapon)
Armour
 b - a +0 scale mail (worn)
 c - a +0 buckler (worn)
Wands
 e - a wand of digging (5)
Scrolls
 i - a scroll of summoning
 j - a scroll of blinking


   Skills:
 + Level 12.4 Fighting
 * Level 17.9 Axes
 + Level 11.4 Armour
 - Level 3.2 Shields


You had 8 spell levels left.
You didn't know any spells.
Your spell library was empty.

Dungeon Overview and Level Annotations

Branches:
Dungeon (1/1)

Altars:
Cheibriados
Dithmenos
Elyvilon
Fedhas
Gozag
Hepliaklqana
Kikubaaqudgha
Makhleb
Nemelex Xobeh
Okawaru
Qazlal
Ru
Sif Muna
Trog
Uskayaw
Vehumet
Wu Jian
Xom
Yredelemnul
Zin
The Shining One
Jiyva
Lugonu

Shops:
D *


Message History

The centaur warrior kicks you but does no damage.
You slash the centaur warrior!
The centaur warrior is heavily wounded.
The centaur warrior shoots an arrow.
The arrow hits you!
You slash the centaur warrior!
The centaur warrior is severely wounded.
The centaur warrior completely misses you.
The centaur warrior kicks you but does no damage.
You hit the centaur warrior.
The centaur warrior is almost dead.
The centaur warrior shoots an arrow.
The arrow hits you!
* * * LOW HITPOINT WARNING * * *
The centaur warrior hits you.
* * * LOW HITPOINT WARNING * * *
The centaur warrior barely misses you.
You hit the centaur warrior.
The centaur warrior is almost dead.
The centaur warrior shoots an arrow.
The arrow hits you!
* * * LOW HITPOINT WARNING * * *
You slash the centaur warrior!
You kill the centaur warrior!
You hear a splash.
Your Fighting skill increases to level 12!
Your Axes skill increases to level 17!
Your Armour skill increases to level 11!
You have reached level 9!
Your experience leads to an increase in your attributes!
Increase (S)trength, (I)ntelligence, or (D)exterity?
You feel stronger. x2
The centaur warrior shoots an arrow.
The arrow hits you!! The Shining One protects you from harm!
You see here a +0 short sword.
You feel yourself slow down.
There is an open door here.
Okay, then.
You slash the centaur warrior!
The centaur warrior is lightly wounded.
The centaur warrior unwields a +0 longbow.
The centaur warrior hits you!
You die...

##########################
#<.#!.)..#..'§.#__#..')..#
#..)..#..').#..'..'..#)..#
#..#####'#####§#__####...+
#..####..#...#@####§)#####
#..#__####..##c#~~§§§#
#..#_____##'#_.'~c~§.+
#⌠⌠#_.∩!..÷..._#)~~§§#
##.#_..__##_.#'##'####
#..#_____###+#.# !?!
########## ### ###


You could see a centaur warrior.

Vanquished Creatures
  A centaur warrior (D)
  2 kobold demonologists (D)
  Sigmund (D)
  A slime creature (D)
  A yak (D)
  A floating eye (D)
  An ogre (D)
  A jelly (D)
  Ijyb (D)
10 creatures vanquished.

Notes
Turn   | Place    | Note
-------+----------+-------------------------------------------
     0 | D        | Heoruswealwe the Hill Orc Fighter began the quest for the
                  | Orb.
     0 | D        | Reached XP level 1. HP: 19/19 MP: 1/1
     1 | D        | Noticed Ijyb
    15 | D        | Killed Ijyb
    16 | D        | Reached skill level 5 in Fighting
    16 | D        | Reached skill level 5 in Axes
    16 | D        | Reached XP level 2. HP: 20/29 MP: 2/2
    16 | D        | Reached XP level 3. HP: 25/36 MP: 3/3
    57 | D        | Noticed an ogre
    60 | D        | Killed an ogre
    61 | D        | Reached skill level 8 in Axes
    61 | D        | Reached XP level 4. HP: 45/45 MP: 4/4
    93 | D        | Noticed Sigmund
    98 | D        | Killed Sigmund
    99 | D        | Reached skill level 11 in Axes
    99 | D        | Reached XP level 5. HP: 55/55 MP: 5/5
    99 | D        | Reached XP level 6. HP: 62/62 MP: 6/6
   111 | D        | Found an ornate altar of the Wu Jian Council.
   111 | D        | Found a shimmering blue altar of Sif Muna.
   113 | D        | Found a radiant altar of Vehumet.
   117 | D        | Reached skill level 12 in Axes
   142 | D        | Found Dyan's General Store.
   142 | D        | Found an ancient bone altar of Kikubaaqudgha.
   142 | D        | Found a hazy altar of Hepliaklqana.
   142 | D        | Found a stormy altar of Qazlal.
   142 | D        | Found a hide-covered altar of Uskayaw.
   142 | D        | Found a blossoming altar of Fedhas.
   142 | D        | Found a bloodstained altar of Trog.
   142 | D        | Found an iron altar of Okawaru.
   142 | D        | Found a basalt altar of Yredelemnul.
   142 | D        | Found a glowing golden altar of the Shining One.
   142 | D        | Found a snail-covered altar of Cheibriados.
   142 | D        | Found a sacrificial altar of Ru.
   142 | D        | Found a glowing silver altar of Zin.
   142 | D        | Found a shadowy altar of Dithmenos.
   142 | D        | Found a white marble altar of Elyvilon.
   142 | D        | Noticed a yak
   153 | D        | Killed a yak
   154 | D        | Reached skill level 13 in Axes
   154 | D        | Reached XP level 7. HP: 29/70 MP: 7/7
   154 | D        | Found an opulent altar of Gozag.
   155 | D        | Found a sparkling altar of Nemelex Xobeh.
   161 | D        | Became a worshipper of the Shining One
   164 | D        | Bought a potion of attraction for 30 gold pieces
   164 | D        | Bought a scroll of summoning for 95 gold pieces
   294 | D        | Found a burning altar of Makhleb.
   294 | D        | Found a viscous altar of Jiyva.
   294 | D        | Found a shimmering altar of Xom.
   294 | D        | Found a corrupted altar of Lugonu.
   294 | D        | Noticed a slime creature
   303 | D        | Killed a slime creature
   304 | D        | Reached skill level 10 in Fighting
   304 | D        | Reached skill level 14 in Axes
   411 | D        | Noticed a kobold demonologist
   411 | D        | Reached * piety under the Shining One
   411 | D        | Noticed a kobold demonologist
   418 | D        | Killed a kobold demonologist
   418 | D        | Reached ** piety under the Shining One
   418 | D        | Killed a kobold demonologist
   419 | D        | Reached skill level 16 in Axes
   419 | D        | Reached skill level 10 in Armour
   419 | D        | Reached XP level 8. HP: 82/82 MP: 8/8
   432 | D        | Noticed a centaur warrior
   432 | D        | Noticed a centaur warrior
   447 | D        | HP: 3/82 [centaur warrior/arrow (8)]
   448 | D        | Killed a centaur warrior
   449 | D        | Reached skill level 17 in Axes
   449 | D        | Reached XP level 9. HP: 3/91 MP: 9/9
   449 | D        | The Shining One protects you from harm!
   453 | D        | Slain by a centaur warrior

Illustrated notes

Levels and vault maps discovered:
D:        dungeon_sprint_1 [red_sonja_temple_1, red_sonja_temple_small_1]

Skill      XL: |  1  2  3  4  5  6  7  8 |
---------------+-------------------------+-----
Fighting       | 5 6 8 9 11 12 | 12.4
Axes           | 5 8 11 13 16 17 | 17.9
Armour         | 4 6 7 8 10 11 | 11.4
Shields        | |  3.2

Action                     |  1- 3 |  4- 6 |  7- 9 || total
---------------------------+-------+-------+-------++-------
  Melee: War axe           |    13 |    17 |    22 ||    52
  Evoke: Wand              |     1 |       |       ||     1
    Use: Potion            |     3 |       |     3 ||     6
 Armour: Scale mail        |     5 |     1 |     6 ||    12
  Dodge: Dodged            |     6 |     5 |     5 ||    16
  Block: Buckler           |     2 |     2 |     2 ||     6
